 Dungeon Crawl Stone Soup version 0.27.1-33-g824d729ab1 (webtiles) character file.

Game seed: 1405609570742436316

2426 KamiKatze the Blocker (level 9, -15/56 HPs)
             Began as a Gargoyle Fighter on Dec 22, 2021.
             Was an Initiate of Trog.
             Killed from afar by a steam dragon (17 damage)
             ... with a ball of steam
             ... while paralysed by Pikel
             ... on level 7 of the Dungeon.
             The game lasted 00:26:19 (7597 turns).

KamiKatze the Blocker (Gargoyle Fighter)            Turns: 7597, Time: 00:26:19

Health: -15/56     AC: 18    Str: 22    XL:     9   Next: 48%
Magic:  9/9        EV:  2    Int: 10    God:    Trog [......]
Gold:   248        SH:  0    Dex:  9    Spells: 8/8 levels left

rFire    . . .     SeeInvis .   a - +0 war axe
rCold    . . .     Faith    .   c - +1 kite shield
rNeg     + . .     Spirit   .   b - +0 scale mail
rPois    ∞         Reflect  .   i - +2 helmet
rElec    +         Harm     .   y - +0 cloak
rCorr    .         Rampage  .   x - +0 pair of gloves
Will     .....                  (no boots)
Stlth    ..........             t - amulet of the acrobat
HPRegen  0.18/turn              (no ring)
MPRegen  0.11/turn              (no ring)

@: paralysed, mighty
A: sickness immunity, AC +6, negative energy resistance 1, electricity
resistance, torment resistance 1, petrification resistance
a: Renounce Religion


You were on level 7 of the Dungeon.
You worshipped Trog.
Trog was noncommittal.
You visited 2 branches of the dungeon, and saw 8 of its levels.
You also visited: Sewer.

You collected 248 gold pieces.

Inventory:

Hand Weapons
 a - a +0 war axe (weapon)
 v - a +0 mace
 H - a +3 trident
Missiles
 g - 121 stones
 j - 53 poisoned darts (quivered)
 k - a curare-tipped dart
Armour
 b - a +0 scale mail (worn)
 c - a +1 kite shield (worn)
 i - a +2 helmet (worn)
 x - a +0 pair of gloves (worn)
 y - a +0 cloak (worn)
Jewellery
 t - an amulet of the acrobat (around neck)
 C - a ring of ice
Wands
 e - a wand of digging (6)
 F - a wand of iceblast (6)
 I - a wand of mindburst (13)
 K - a wand of charming (13)
Scrolls
 h - 3 scrolls of teleportation
 o - a scroll of silence
 p - a scroll of holy word {unknown}
 u - 2 scrolls of enchant armour
 w - a scroll of blinking
 z - 2 scrolls of fear {unknown}
 D - a scroll of brand weapon {unknown}
 E - a scroll of torment {unknown}
 G - a scroll of identify
 J - a scroll of enchant weapon {unknown}
Potions
 d - 3 potions of might
 f - 2 potions of magic
 l - 2 potions of curing
 m - a potion of haste {unknown}
 n - 2 potions of attraction {unknown}
 q - 2 potions of mutation {unknown}
 r - 3 potions of invisibility
 s - a potion of brilliance {unknown}
 A - 2 potions of heal wounds {unknown}
 B - 2 potions of flight {unknown}


   Skills:
 + Level 6.8 Fighting
 * Level 7.3 Axes
 - Level 3.2 Armour
 * Level 9.1 Shields
 - Level 2.0 Evocations


You had 8 spell levels left.
You didn't know any spells.
Your spell library contained the following spells:

 Spells                   Type           Power      Damage    Failure   Level
 Summon Forest            Summ/Tloc      0%         N/A       100%        5
 Summon Mana Viper        Hex/Summ       0%         N/A       100%        5
 Shadow Creatures         Summ           N/A        N/A       100%        6


Dungeon Overview and Level Annotations

Branches:
Dungeon (7/15)             Temple (1/1) D:6           Sewer (visited)

Altars:
Ashenzari
Dithmenos
Elyvilon
Gozag
Hepliaklqana
Kikubaaqudgha
Makhleb
Nemelex Xobeh
Okawaru
Qazlal
Ru
Sif Muna
Trog
Uskayaw
Vehumet
Wu Jian
Xom
Yredelemnul
Zin
The Shining One

Shops:
D:5 :

Annotations:
D:5 Prince Ribbit
D:6 2 runed translucent doors, exclusion: 2 doors, Blork the orc
D:7 Pikel


Innate Abilities, Weirdness & Mutations

You are immune to sickness and miasma.
Your stone body is resilient. (AC +6)
You are immune to poison.
You resist negative energy. (rN+)
You are resistant to electric shocks. (rElec)
You are resistant to unholy torment.
You are immune to petrification.


Message History

Pikel cracks his whip.
Pikel hits you but does no damage. You block the steam dragon's attack.
The steam dragon claws you but does no damage.
You barely miss Pikel.
Pikel is severely wounded.
You completely miss the steam dragon.
Pikel hits you with a +2 whip of flaming.
* * * LOW HITPOINT WARNING * * *
Pikel burns you.
* * * LOW HITPOINT WARNING * * *
The steam dragon bites you but does no damage.
The steam dragon claws you.
* * * LOW HITPOINT WARNING * * *
Pikel zaps a wand.
You easily resist.
You closely miss the steam dragon.
The steam dragon is moderately wounded.
You completely miss Pikel.
The steam dragon bites you but does no damage.
You block the steam dragon's attack.
Pikel hits you with a +2 whip of flaming!
* * * LOW HITPOINT WARNING * * *
Pikel burns you.
* * * LOW HITPOINT WARNING * * *
The steam dragon bites you but does no damage.
You block the steam dragon's attack.
You feel better.
You are engulfed in a cloud of scalding steam.
Pikel zaps a wand.
You suddenly lose the ability to move!
The steam dragon bites you but does no damage.
The steam dragon claws you.
* * * LOW HITPOINT WARNING * * *
Pikel zaps a wand.
You shrug off the repeated paralysis!
The steam dragon bites you!
* * * LOW HITPOINT WARNING * * *
The steam dragon claws you.
* * * LOW HITPOINT WARNING * * *
Pikel hits you but does no damage. The steam dragon breathes steam at you.
The ball of steam hits you!
You die...

#... ..####
#... ..... #...
##.... # #...
..... .# ####'#
#... ..# #.....
#5. .. #.....
##K#'####
#.....
#.@D....####
######
#..........#
####
#..........#
#...
#.##'###...#
#.## #.
#.......#####.#
#.
#......†'.(...#
..
#.......#######
## #########


You could see Pikel, a steam dragon (catching breath) and a lemure.

Vanquished Creatures
  Grinder (D:4)
  Sigmund (D:3)
  4 water moccasins
  An ogre (D:7)
  A black bear (D:7)
  A centaur (D:6)
  A phantom (D:5)
  3 lemures (D:7)
  2 kobold brigands (Sewer)
  A bullfrog (D:5)
  2 scorpions
  A water moccasin skeleton (D:6)
  5 wights (D:6)
  A howler monkey (D:7)
  A centaur zombie (D:6)
  A bullfrog zombie (D:6)
  A hound (D:5)
  A bullfrog skeleton (D:4)
  2 centaur skeletons
  Crazy Yiuf (D:4)
  3 iguanas
  A howler monkey zombie (D:7)
  Robin (D:3)
  17 adders
  4 gnolls (D:5)
  6 river rats (Sewer)
  2 white imps (D:5)
  An adder skeleton (D:4)
  An adder zombie (D:3)
  A worm (D:3)
  3 dart slugs
  2 orcs
  8 ball pythons
  12 endoplasms
  8 giant cockroaches
  11 hobgoblins
  8 jackals
  2 quokkas (D:1)
  3 bats (D:3)
  8 frilled lizards
  20 goblins
  17 kobolds
  25 rats
196 creatures vanquished.

Notes
Turn   | Place    | Note
-------+----------+-------------------------------------------
     0 | D:1      | KamiKatze the Gargoyle Fighter began the quest for the Orb.
     0 | D:1      | Reached XP level 1. HP: 14/14 MP: 1/1
   254 | D:1      | Reached XP level 2. HP: 19/19 MP: 2/2
   663 | D:1      | Reached XP level 3. HP: 23/23 MP: 3/3
  1404 | D:2      | Reached skill level 4 in Shields
  1986 | D:3      | Noticed Sigmund
  1992 | D:3      | Killed Sigmund
  1993 | D:3      | Reached skill level 5 in Shields
  1993 | D:3      | Reached XP level 4. HP: 29/29 MP: 4/4
  1993 | D:3      | Reached XP level 5. HP: 33/33 MP: 5/5
  2046 | D:3      | Reached XP level 6. HP: 33/39 MP: 6/6
  2088 | D:3      | Found a glowing drain.
  2136 | Sewer    | Entered a sewer
  2415 | Sewer    | Reached XP level 7. HP: 26/44 MP: 7/7
  2475 | Sewer    | Reached skill level 6 in Shields
  2895 | D:3      | Found a radiant altar of Vehumet.
  3197 | D:3      | Found a stormy altar of Qazlal.
  3204 | D:3      | Found a sacrificial altar of Ru.
  3205 | D:3      | Found a hazy altar of Hepliaklqana.
  3207 | D:3      | Found a shimmering altar of Xom.
  3363 | D:3      | Noticed Robin
  3369 | D:3      | Reached skill level 5 in Fighting
  3374 | D:3      | Killed Robin
  3434 | D:3      | Found an opulent altar of Gozag.
  3436 | D:3      | Found a basalt altar of Yredelemnul.
  3690 | D:4      | Noticed Grinder
  4048 | D:4      | Killed Grinder
  4049 | D:4      | Reached skill level 5 in Axes
  4466 | D:4      | Reached XP level 8. HP: 47/49 MP: 8/8
  4507 | D:4      | Found a runed translucent door.
  4508 | D:4      | Noticed Crazy Yiuf
  4591 | D:4      | Reached skill level 7 in Shields
  4902 | D:4      | Killed Crazy Yiuf
  4982 | D:5      | Entered Level 5 of the Dungeon
  5145 | D:5      | Found a hide-covered altar of Uskayaw.
  5462 | D:5      | Found Pomomo's Book Emporium.
  5645 | D:5      | Found a burning altar of Makhleb.
  5655 | D:5      | Found a white marble altar of Elyvilon.
  6124 | D:6      | Reached skill level 8 in Shields
  6152 | D:6      | Reached skill level 1 in Evocations
  6169 | D:6      | Noticed Blork the orc
  6306 | D:6      | Reached XP level 9. HP: 52/55 MP: 9/9
  6504 | D:6      | Noticed Prince Ribbit
  6582 | D:6      | Found a shimmering blue altar of Sif Muna.
  6791 | D:6      | Found a staircase to the Ecumenical Temple.
  6797 | Temple   | Entered the Ecumenical Temple
  6930 | Temple   | Became a worshipper of Trog the Wrathful
  7073 | D:6      | Found a runed translucent door.
  7075 | D:6      | Found a runed translucent door.
  7532 | D:7      | Reached skill level 9 in Shields
  7569 | D:7      | Noticed Pikel
  7580 | D:7      | Paralysed by Pikel for 3 turns
  7595 | D:7      | Paralysed by Pikel for 5 turns
  7596 | D:7      | HP: 2/56 [steam dragon (1)]
  7597 | D:7      | Killed from afar by a steam dragon

Illustrated notes

Levels and vault maps discovered:
D:1:      beargit_arrival_greenhouse, layout_basic
D:2:      layout_loops_corners, item_on_display_a
D:3:      minmay_bubble_buster, layout_basic, minitemple,
          nicolae_overflow_hidden_temple, nicolae_vehumet_altar_sigil,
          gup_sewer_entry_glass, uniq_robin, uniq_sigmund
D:4:      layout_loops_cross, grunt_decor_resistance, patterned_corridor,
          uniq_crazy_yiuf_cottage, uniq_grinder
D:5:      layout_loops_ring, nicolae_uskayaw_dance_hall,
          mainiacjoe_overflow_big_doors, serial_shops, shop
D:6:      lemuel_insect_pit, layout_cave_pods, led_sif_pool,
          minmay_temple_entry_wispy, st_stairs_5, uniq_prince_ribbit1,
          uniq_blork_the_orc
D:7:      layout_basic, kennysheep_mini, biasface_ghost_orc_armoury, uniq_pikel
Temple:   nicolae_temple_figure_zero

Skill      XL: |  1  2  3  4  5  6  7  8  9 |
---------------+----------------------------+-----
Axes           | 2 3 4 5 6 7 |  7.3
Shields        | 5 6 8 9 |  9.1
Fighting       | 4 5 6 |  6.8
Evocations     | 1 2 |  2.0
Armour         | |  3.2

Action                   |  1- 3 |  4- 6 |  7- 9 || total
-------------------------+-------+-------+-------++-------
Melee: War axe           |   110 |   119 |   469 ||   698
Throw: Dart              |       |       |    11 ||    11
  Use: Scroll            |     5 |       |     6 ||    11
       Potion            |     1 |       |     2 ||     3
Armor: Scale mail        |    68 |    63 |   257 ||   388
Dodge: Dodged            |    30 |    49 |   161 ||   240
Block: Kite shield       |    62 |   100 |   345 ||   507
